 Dungeon Crawl Stone Soup version 0.24-a0-525-g9231cdcba1 (webtiles) character file.

Game seed: 16689979900218450569

70 Mithandil the Conjurer (level 4, -1/24 HPs)
             Began as a Deep Elf Conjurer on Aug 1, 2019.
             Slain by a gnoll
             ... wielding a +0 halberd
              (12 damage)
             ... on level 2 of the Dungeon.
             The game lasted 00:14:21 (1451 turns).

Mithandil the Conjurer (Deep Elf Conjurer)          Turns: 1451, Time: 00:14:22

Health: -1/24      AC:  3    Str:  6    XL:     4   Next: 3%
Magic:  1/12       EV: 13    Int: 20    God:
Gold:   58         SH:  0    Dex: 15    Spells: 8/11 levels left

rFire    . . .     SeeInvis .   a - +0 dagger
rCold    . . .     Gourm    .   (no shield)
rNeg     . . .     Faith    .   d - +0 robe
rPois    .         Spirit   .   (no helmet)
rElec    .         Reflect  .   (no cloak)
rCorr    .         Harm     .   (no gloves)
MR       .....                  h - +0 pair of boots
Stlth    ++........             (no amulet)
HPRegen  0.08/turn              e - +2 ring of slaying
MPRegen  0.13/turn              (no ring)

@: very slightly contaminated
A: no striking features
a: no special abilities


You were on level 2 of the Dungeon.
You were not hungry.

You visited 1 branch of the dungeon, and saw 3 of its levels.

You collected 58 gold pieces.

Inventory:

Hand Weapons
 a - a +0 dagger (weapon)
Missiles
 k - 27 arrows
Armour
 d - a +0 robe (worn)
 h - a +0 pair of boots (worn)
Jewellery
 e - a +2 ring of slaying (left hand)
Scrolls
 j - a scroll of remove curse
 l - 2 scrolls of amnesia
Potions
 b - 4 potions of heal wounds {unknown}
 g - a potion of mutation {unknown}
 i - a potion of haste {unknown}
Comestibles
 c - 4 rations


   Skills:
 + Level 3.1 Dodging
 + Level 3.1 Stealth
 * Level 4.2 Spellcasting
 * Level 5.0 Conjurations


You had 8 spell levels left.
You knew the following spells:

 Your Spells              Type           Power        Failure   Level  Hunger
a - Magic Dart            Conj           ###.         1%          1    None
b - Searing Ray           Conj           ###...       2%          2    #......

Your spell library contained the following spells:

 Spells                   Type           Power        Failure   Level  Hunger
 Dazzling Spray           Conj/Hex       ##....       14%         3    ###....
 Iskenderun's Mystic Bla  Conj           ###.....     16%         4    ####...
 Force Lance              Conj/Tloc      ##......     41%         4    ####...
 Fulminant Prism          Conj/Hex       ##........   41%         4    ####...


Dungeon Overview and Level Annotations

Branches:
Dungeon (3/15)

Altars:
Ru
Yredelemnul
Zin

Shops:
D:2 *


Message History

The gnoll is almost dead.
The gnoll closely misses you.
You barely miss the gnoll.
The gnoll is almost dead.
The gnoll barely misses you. The gnoll completely misses you.
You closely miss the gnoll.
The gnoll is almost dead.
The gnoll closely misses you. The gnoll barely misses you.
You hit the gnoll.
You kill the gnoll!
You have reached level 4!
You feel clever. The gnoll hits you with a +0 halberd!
You see here a +0 club.
You barely miss the gnoll. The gnoll closely misses you.
You hit the gnoll.
The gnoll is lightly wounded.
The gnoll hits you with a +0 halberd!
Ouch! That really hurt!
You die...

####.#....####
.............#
##.....)..##.#
##.......##.#
####...###.##
######...####
#......#
#...##.#
######@# #g# ...
# ##.#. # ..#.#
# ....# .## # #
#...## .## #
#....# ... #
#....######.####


You could see a gnoll.

Vanquished Creatures
  2 gnolls (D:2)
  An adder (D:2)
  A dart slug (D:2)
  A leopard gecko (D:1)
  2 giant cockroaches (D:1)
  5 goblins
  11 hobgoblins
  4 kobolds
  A quokka (D:1)
  2 bats
  2 frilled lizards (D:1)
  5 rats
37 creatures vanquished.

Notes
Turn   | Place    | Note
-------+----------+-------------------------------------------
     0 | D:1      | Mithandil the Deep Elf Conjurer began the quest for the
                  | Orb.
     0 | D:1      | Reached XP level 1. HP: 10/10 MP: 6/6
   162 | D:1      | Reached XP level 2. HP: 4/15 MP: 2/8
  1028 | D:2      | Reached XP level 3. HP: 18/19 MP: 6/10
  1233 | D:2      | Learned a level 2 spell: Searing Ray
  1253 | D:2      | Found a sacrificial altar of Ru.
  1298 | D:2      | Found a basalt altar of Yredelemnul.
  1316 | D:2      | Found Zin's Purification Station.
  1335 | D:2      | Found a glowing silver altar of Zin.
  1443 | D:2      | Reached skill level 5 in Conjurations
  1448 | D:2      | Reached XP level 4. HP: 20/24 MP: 0/12
  1451 | D:2      | Slain by a gnoll

Levels and vault maps discovered:
D:1:      dpeg_arrival_shelter, layout_basic, minmay_bisected
D:2:      wander_river, layout_loops_cross, nicolae_overflow_crystal_walls,
          zin_purify, chequers_ecumenical_altar_simple,
          yredelemnul_altar_generic
D:3:      minmay_angry_zag, layout_basic

Skill      XL: |  1  2  3 |
---------------+----------+-----
Stealth        | 3 |  3.1
Dodging        | 3 |  3.1
Spellcasting   | 4 |  4.2
Conjurations   | 5 |  5.0

Action                   |  1- 3 |  4- 6 || total
-------------------------+-------+-------++-------
Melee: Dagger            |    13 |     2 ||    15
 Cast: Magic Dart        |    59 |       ||    59
       Searing Ray       |     2 |       ||     2
  Use: Scroll            |     5 |       ||     5
 Stab: Sleeping          |     4 |       ||     4
  Eat: Chunk             |     2 |       ||     2
Armor: Robe              |     3 |       ||     3
Dodge: Dodged            |    25 |     1 ||    26

Table legend:
 A = Non-vault XP
 B = Vault XP
 C = Vault XP percentage of total XP
 D = Non-vault monster count
 E = Vault monster count
 F = Vault count percentage of total count
                 A         B        C        D         E       F
            +---------+---------+-------+---------+---------+-------
      Total |      96 |       4 |   4.0 |      35 |       2 |   5.4
            +---------+---------+-------+---------+---------+-------
        D:1 |      33 |       4 |  10.8 |      20 |       2 |   9.1
        D:2 |      63 |       0 |   0.0 |      15 |       0 |   0.0
            +---------+---------+-------+---------+---------+-------
